AoeStats
← Thousk_

Northern Isles

510409657Analyzed
1v1 RM · 1d ago on Sep 30, 2026· 103m 54s· 2 players
Game mode
Random Map
Map size
Tiny (2 player)
Population
200
Speed
Normal
Resources
Standard
Victory
Conquest
Starting age
Dark Age
Ending age
Imperial Age
RankedLock teamsTeams togetherTeam positionsShared explorationLock speedFull tech treeHidden civsTurbo modeCheats
Victory
Defeat
🇬🇪 Italians · Georgia
1130
+19
🇨🇴 Dravidians · Colombia
1188
-19
dambo
0:35 Loom
11:36 Feudal Age
12:16 Town Watch
12:24 Double-Bit Axe
15:12 Fishing Lines
18:06 Wheelbarrow
18:31 Fishing Lines
24:29 Castle Age
23:08 Stone Mining
23:39 Gold Mining
24:25 Fletching
25:32 Medium Warships
25:55 Gillnets
26:39 Bow Saw
26:34 Bodkin Arrow
26:55 Treadmill Crane
27:26 Clinker Construction
34:38 Careening
34:34 Siphons
41:56 Imperial Age
39:28 Padded Archer Armor
40:24 Thumb Ring
40:59 Ballistics
40:33 Guard Tower
43:07 Heavy Warships
43:46 Chemistry
43:07 Carvel Hull
44:33 Dry Dock
44:01 Arrowslits
44:27 Incendiaries
44:53 Elite Cannon Galleon
49:04 Hand Cart
50:19 Shipwright
53:11 Conscription
53:22 Heated Shot
54:07 Bracer
60:38 Two-Man Saw
67:50 Light Cavalry
68:41 Bloodlines
68:31 Husbandry
69:23 Hussar
77:55 Squires
77:41 Arson
77:20 Pikeman
80:27 Guilds
92:20 Forging
92:18 Scale Barding Armor
92:01 Horse Collar
94:16 Heavy Plow
96:08 Crop Rotation
96:03 Elite Skirmisher
98:58 Leather Archer Armor
Thousk_
10:50 Feudal Age
12:11 Feudal Age
13:28 Double-Bit Axe
19:37 Castle Age
22:24 Medium Warships
22:59 Demolition Ship
28:46 Loom
31:34 Imperial Age
30:49 Horse Collar
33:45 Chemistry
46:27 Heavy Warships
53:03 Murder Holes
53:29 Ballistics
58:35 Fletching
58:46 Padded Archer Armor
Connection lost

Rejoining the realm…

Still unreachable

The connection could not be restored.

Session expired

The server has moved on; the page needs a fresh start.